 Dungeon Crawl Stone Soup version 0.24-a0-613-g1ff6aac338 (webtiles) character file.

Game seed: 12469021406897561394, levelgen mode: deterministic

77 Jorund the Chopper (level 4, 16/34 HPs)
             Began as a Demonspawn Gladiator on Sept 12, 2019.
             Quit the game on level 2 of the Dungeon.
             The game lasted 00:02:24 (1807 turns).

Jorund the Chopper (Demonspawn Gladiator)           Turns: 1807, Time: 00:02:25

Health: 16/34      AC:  5    Str: 14    XL:     4   Next: 13%
Magic:  4/4        EV: 11    Int: 11    God:
Gold:   141        SH:  0    Dex: 14    Spells: 3/3 levels left

rFire    . . .     SeeInvis .   a - +0 war axe
rCold    . . .     Gourm    .   (no shield)
rNeg     . . .     Faith    .   p - +0 ring mail
rPois    .         Spirit   +   (helmet restricted)
rElec    .         Reflect  .   (no cloak)
rCorr    .         Harm     .   (no gloves)
MR       .....                  (no boots)
Stlth    +.........             (no amulet)
HPRegen  0.11/turn              (no ring)
MPRegen  0.09/turn              (no ring)

@: mildly poisoned (16 -> 11)
A: horns 1, magic shield
a: no special abilities


You were on level 2 of the Dungeon.
You were not hungry.

You visited 1 branch of the dungeon, and saw 2 of its levels.

You collected 141 gold pieces.

Inventory:

Hand Weapons
 a - a +0 war axe (weapon)
Missiles
 b - 8 poisoned darts
 d - 3 throwing nets (quivered)
Armour
 c - a +0 helmet
 p - a +0 ring mail (worn)
Scrolls
 e - a scroll of identify
 g - 2 scrolls of immolation
 j - a scroll of enchant weapon {unknown}
Potions
 h - 3 potions of cancellation
 i - a potion of degeneration {unknown}
 k - a potion of berserk rage {unknown}
 m - a potion of agility {unknown}
 n - 3 potions of heal wounds {unknown}
Comestibles
 f - 3 rations


   Skills:
 + Level 2.4 Fighting
 + Level 3.8 Axes
 + Level 1.9 Throwing
 + Level 1.6 Armour
 - Level 2.6 Dodging


You had 3 spell levels left.
You didn't know any spells.
Your spell library was empty.

Dungeon Overview and Level Annotations

Branches:
Dungeon (2/15)

Altars:
Ashenzari


Innate Abilities, Weirdness & Mutations

You have a pair of small horns on your head.
When hurt, damage is shared between your health and your magic reserves.


Message History

You closely miss the adder.
The adder is moderately wounded.
You feel sick. The adder bites you. The adder closely misses you.
You are too injured to fight recklessly!
You are too injured to fight recklessly!
You are too injured to fight recklessly!
You hit the adder.
The adder is heavily wounded.
The adder closely misses you. The adder bites you but does no damage.
Unknown command.
You hit the adder.
You kill the adder!
You have reached level 4!
You feel clever.
You feel monstrous as your demonic heritage exerts itself.
Your demonic ancestry asserts itself...
A pair of horns grows on your head!
Your +0 helmet falls away!
You feel sick.
You feel sick.
Are you sure you want to abandon this character and quit the game? (Confirm with "yes".)

* *,* #..# ##.# * *,* ##.#****
#.# * #.* #.#,..#####.# ********
*#.** #.#,........#
,,,*,,,**##,..** #.#...#####..
**,*,,,,,,..#.,* #.##.#* ###
**,*,,,****,...* #.##.##### #
**,**,** **,#.######.(......####
**,**,* *,#..@†..........)....
**,**,******>#$..#######.##.#####
**,,,,,,,,,,,#..†........##.# #
,,,,,,,,,,***##..#######*##.# #
***,*,***,* #..# #.# # *,*,* *,*
#..# #.# # *,,,* *,* #..# #.# #
***** *,* #..# ******#.#***# *,*
#..# *,,,,,...,,,.


There were no monsters in sight!

Vanquished Creatures
  3 adders (D:2)
  An ooze (D:2)
  2 worms (D:2)
  2 dart slugs (D:2)
  2 leopard geckos (D:2)
  A ball python (D:2)
  A giant cockroach (D:2)
  A goblin (D:1)
  7 hobgoblins
  A kobold (D:1)
  6 bats
  6 frilled lizards
  4 rats
37 creatures vanquished.

Notes
Turn   | Place    | Note
-------+----------+-------------------------------------------
     0 | D:1      | Jorund the Demonspawn Gladiator began the quest for the
                  | Orb.
     0 | D:1      | Reached XP level 1. HP: 16/16 MP: 1/1
    95 | D:1      | Reached skill level 3 in Axes
   143 | D:1      | Gained mutation: When hurt, damage is shared between your
                  | health and your magic reserves. [demonic ancestry]
   143 | D:1      | Reached XP level 2. HP: 17/22 MP: 2/2
   471 | D:1      | Found a shattered altar of Ashenzari.
  1020 | D:2      | Reached XP level 3. HP: 11/28 MP: 1/3
  1300 | D:2      | Reached skill level 1 in Armour
  1805 | D:2      | Gained mutation: You have a pair of small horns on your
                  | head. [demonic ancestry]
  1805 | D:2      | Reached XP level 4. HP: 18/34 MP: 4/4
  1807 | D:2      | Quit the game

Levels and vault maps discovered:
D:1:      minmay_arrival_glassed_features, layout_basic, ashenzari_altar_1
D:2:      minmay_evil_eye, layout_loops_ring

Skill      XL: |  1  2  3 |
---------------+----------+-----
Axes           | 3 |  3.8
Armour         | 1 |  1.6
Fighting       | |  2.4
Throwing       | |  1.9
Dodging        | |  2.6

Action                   |  1- 3 |  4- 6 || total
-------------------------+-------+-------++-------
Melee: War axe           |   122 |       ||   122
  Use: Scroll            |     6 |       ||     6
 Stab: Sleeping          |     1 |       ||     1
  Eat: Chunk             |     3 |       ||     3
Armor: Leather armour    |    22 |       ||    22
       Ring mail         |    27 |       ||    27
Dodge: Dodged            |    80 |       ||    80

Table legend:
 A = Non-vault XP
 B = Vault XP
 C = Vault XP percentage of total XP
 D = Non-vault monster count
 E = Vault monster count
 F = Vault count percentage of total count
                 A         B        C        D         E       F
            +---------+---------+-------+---------+---------+-------
      Total |     104 |       6 |   5.5 |      34 |       3 |   8.1
            +---------+---------+-------+---------+---------+-------
        D:1 |      23 |       0 |   0.0 |      15 |       0 |   0.0
        D:2 |      81 |       6 |   6.9 |      19 |       3 |  13.6
            +---------+---------+-------+---------+---------+-------
